 Dungeon Crawl Stone Soup version 0.27-a0-25-g087482e4d5 (webtiles) character file.

Game seed: 4640867758399083377

162 Delamore the Shield-Bearer (level 5, 0/34 HPs)
             Began as a Gargoyle Fighter on Jan 3, 2021.
             Killed by divine providence
             ... invoked by an orc priest
              (16 damage)
             ... on level 4 of the Dungeon.
             The game lasted 00:02:24 (3033 turns).

Delamore the Shield-Bearer (Gargoyle Fighter)       Turns: 3033, Time: 00:02:24

Health: 0/34       AC: 10    Str: 21    XL:     5   Next: 43%
Magic:  5/5        EV:  7    Int:  8    God:
Gold:   119        SH: 10    Dex:  9    Spells: 4/4 levels left

rFire    . . .     SeeInvis .   a - +0 flail
rCold    . . .     Faith    .   c - +1 kite shield
rNeg     + . .     Spirit   .   b - +0 scale mail
rPois    ∞         Reflect  .   (no helmet)
rElec    +         Harm     .   (no cloak)
rCorr    .         Rampage  .   (no gloves)
Will     .....                  (no boots)
Stlth    ..........             (no amulet)
HPRegen  0.11/turn              (no ring)
MPRegen  0.09/turn              (no ring)

@: no status effects
A: negative energy resistance 1, electricity resistance, unbreathing,
petrification resistance, miasma immunity, AC +4
a: no special abilities


You were on level 4 of the Dungeon.
You visited 1 branch of the dungeon, and saw 4 of its levels.

You collected 119 gold pieces.

Inventory:

Hand Weapons
 a - a +0 flail (weapon)
Armour
 b - a +0 scale mail (worn)
 c - a +1 kite shield (worn)
Jewellery
 n - an uncursed ring of see invisible {unknown}
Scrolls
 e - 2 scrolls of teleportation
 f - 2 scrolls of noise
 h - a scroll of fear {unknown}
 j - a scroll of enchant armour
 k - a scroll of remove curse
 m - a scroll of fog {unknown}
Potions
 d - 3 potions of might
 g - a potion of flight {unknown}
 i - a potion of resistance
 l - a potion of heal wounds {unknown}


   Skills:
 + Level 4.6 Fighting
 + Level 3.5 Maces & Flails
 - Level 3.2 Armour
 + Level 4.6 Shields


You had 4 spell levels left.
You didn't know any spells.
Your spell library was empty.

Dungeon Overview and Level Annotations

Branches:
Dungeon (4/15)
 Temple: D:4-7

Altars:


Innate Abilities, Weirdness & Mutations

You are resistant to torment.
Your stone body is resilient. (AC +4)
You are immune to poison.
You resist negative energy. (rN+)
You are resistant to electric shocks. (rElec)
You can survive without breathing.
You are immune to petrification.
You are immune to miasma.


Message History

The hound bites you. You block the adder's attack. You block the orc's attack.
You are too injured to fight recklessly!
You are too injured to fight recklessly!
You are too injured to fight recklessly!
You are too injured to fight recklessly!
You are too injured to fight recklessly!
You are too injured to fight recklessly!
You are too injured to fight recklessly!
You are too injured to fight recklessly!
You are too injured to fight recklessly!
You are too injured to fight recklessly!
You are too injured to fight recklessly!
You are too injured to fight recklessly!
You are too injured to fight recklessly!
You hit the orc priest.
The orc priest is almost dead.
You block the hound's attack.
The orc priest calls down the wrath of Beogh upon you.
Beogh smites you!
You die...

#>....................
#.............####.##.
#.............####.###
#........#######<..#
###.######### #####
#.#...^.... #.......#
###h#..... #@# ...
#..oSoo.....
#...o.......
#...........
#.....##.#.. #.....#
.+ . #.....# # #......


You could see a hound, 2 orc priests, an adder and 2 orcs.

Vanquished Creatures
  An orc priest (D:4)
  A worker ant zombie (D:4)
  6 adders
  2 worms
  A dart slug (D:1)
  3 leopard geckos
  3 orcs
  2 giant cockroaches (D:1)
  9 goblins
  3 hobgoblins
  4 jackals (D:1)
  7 kobolds
  3 quokkas
  6 bats
  3 frilled lizards
  3 rats
57 creatures vanquished.

Vanquished Creatures (others)
  5 toadstools (D:1)
5 creatures vanquished.

Grand Total: 62 creatures vanquished

Notes
Turn   | Place    | Note
-------+----------+-------------------------------------------
     0 | D:1      | Delamore the Gargoyle Fighter began the quest for the Orb.
     0 | D:1      | Reached XP level 1. HP: 14/14 MP: 1/1
   213 | D:1      | Reached XP level 2. HP: 12/19 MP: 2/2
   446 | D:1      | Reached XP level 3. HP: 19/24 MP: 3/3
  1226 | D:2      | Reached XP level 4. HP: 29/29 MP: 4/4
  2225 | D:3      | Noticed a centaur
  2675 | D:4      | Reached XP level 5. HP: 34/34 MP: 5/5
  3033 | D:4      | Killed from afar by an orc priest

Illustrated notes

Levels and vault maps discovered:
D:1:      ldierk_walled_garden, layout_rooms, serial_park_tiny_2
D:2:      layout_basic
D:3:      layout_basic, lightli_corner_chamber
D:4:      layout_basic, chequers_serial_rivers_room_b

Skill      XL: |  1  2  3  4 |
---------------+-------------+-----
Fighting       | 4 |  4.6
Shields        | 4 |  4.6
Maces & Flails | 3 |  3.5
Armour         | |  3.2

Action                   |  1- 3 |  4- 6 || total
-------------------------+-------+-------++-------
Melee: Flail             |   121 |   108 ||   229
  Use: Scroll            |       |     6 ||     6
Armor: Scale mail        |    85 |    64 ||   149
Dodge: Dodged            |    46 |    36 ||    82
Block: Kite shield       |    60 |    80 ||   140

Table legend: (Time is in decaauts)
 A = Elapsed time spent in this place.
 B = Non-inter-level travel time spent in this place.
 C = Inter-level travel time spent in this place.
 D = Time resting spent in this place.
 E = Time spent auto-exploring this place.
 F = Levels seen in this place.
 G = Mean time per level.
                   A        B        C        D        E       F      G
               +--------+--------+--------+--------+--------+-----+--------+
         Total |   3112 |   2987 |    125 |      0 |   2460 |   4 |  778.0 |
       Dungeon |   3112 |   2987 |    125 |      0 |   2460 |   4 |  778.0 |
               +--------+--------+--------+--------+--------+-----+--------+

Top non-repeatable levels by time:
     D:2: 1150 daAuts
     D:1: 781 daAuts
     D:3: 776 daAuts
     D:4: 404 daAuts
